 Dungeon Crawl Stone Soup version 0.19-a0-1341-g3513869 (webtiles) character file.

11587 st0uf the Grappler (level 11, -3/105 HPs)
             Began as a Troll Fighter on Sept 1, 2016.
             Was an Elder of Qazlal.
             Killed from afar by a fire dragon (30 damage)
             ... with a blast of flame
             ... on level 10 of the Dungeon.
             The game lasted 00:37:25 (7716 turns).

st0uf the Grappler (Troll Fighter)                  Turns: 7716, Time: 00:37:25

Health: -3/105     AC:  6    Str: 36    XL:     11   Next: 51%
Magic:  10/10      EV: 11    Int:  8    God:    Qazlal [****..]
Gold:   511        SH: 16    Dex:  9    Spells: 0 memorised, 10 levels left

rFire  . . .     SeeInvis .       - Unarmed
rCold  . . .     Gourm    +     D - +0 robe {MR+}
rNeg   . . .     Faith    .     b - +0 shield
rPois  .         Spirit   .     G - +0 hat {Int+3}
rElec  .         Dismiss  .     l - +0 cloak
rCorr  .         Reflect  .     (gloves unavailable)
MR     +....     Harm     .     (boots unavailable)
Stlth  +.........               (no amulet)
                                (no ring)
                                k - +3 ring of strength

@: mighty, repel missiles
A: unfitting armour, claws 3, fast metabolism 3, gourmand, regeneration 1,
shaggy fur 1, tough skin 2
a: Upheaval, Elemental Force, Renounce Religion


You were on level 10 of the Dungeon.
You worshipped Qazlal.
Qazlal was greatly pleased with you.
You were completely stuffed.

You visited 2 branches of the dungeon, and saw 11 of its levels.
You also visited: Bailey.

You collected 535 gold pieces.
You spent 24 gold pieces at shops.

Inventory:

Missiles
 o - a throwing net (quivered)
Armour
 b - a +0 shield (worn)
 l - a +0 cloak (worn)
 D - a +0 robe of magic resistance (worn)
 E - a +0 robe of cold resistance
 G - a +0 hat of intelligence (worn)
 J - a troll hide
Jewellery
 k - a +3 ring of strength (left claw)
 y - a cursed -2 ring of strength
Wands
 x - a wand of acid (5/15)
Scrolls
 h - a scroll of blinking
 j - 7 scrolls of identify
 n - a scroll of recharging
 p - a scroll of fog
 q - a scroll of fear
 v - a scroll of amnesia
 w - 2 scrolls of remove curse
Potions
 a - a potion of resistance {unknown}
 c - 2 potions of might
 e - 2 potions of beneficial mutation {unknown}
 g - 4 potions of brilliance {unknown}
 m - 7 potions of curing
 t - a potion of invisibility {unknown}
 u - 5 potions of flight {unknown}
 A - 5 potions of magic {unknown}
 B - a potion of berserk rage {unknown}
 H - a potion of cure mutation {unknown}
Comestibles
 d - 4 bread rations
 f - 5 meat rations
 i - 2 beef jerkies
 r - 2 fruits
 z - 10 royal jellies
 F - a slice of pizza
 I - a chunk of flesh


   Skills:
 + Level 6.1 Fighting
 + Level 6.3 Throwing
 + Level 5.6 Armour
 + Level 6.6 Dodging
 + Level 6.5 Shields
 * Level 10.0 Unarmed Combat


You had 10 spell levels left.
You didn't know any spells.

Dungeon Overview and Level Annotations

Branches:
Dungeon (10/15)            Temple (1/1) D:5            Lair (0/6) D:10
    Orc: D:9-12

Altars:
Ashenzari
Cheibriados
Dithmenos
Elyvilon
Fedhas
Gozag
Hepliaklqana
Kikubaaqudgha
Makhleb
Nemelex Xobeh
Okawaru
Qazlal
Ru
Sif Muna
Trog
Uskayaw
Vehumet
Xom
Yredelemnul
Zin
The Shining One

Shops:
D:5 *   D:6 [   D:10 *


Innate Abilities, Weirdness & Mutations

You are too large for most types of armour.
You have claws for hands.
Your metabolism is lightning-fast.
You like to eat raw meat.
Your natural rate of healing is unusually fast.
You are covered in fur. (AC +1)
You have very tough skin. (AC +2)


Message History

The fire dragon breathes flames at you. The blast of flame hits you!
* * * LOW HITPOINT WARNING * * *
You feel much better. The fire dragon bites you!
* * * LOW HITPOINT WARNING * * *
The fire dragon barely misses you. You block the fire dragon's attack.
You feel much better. You block the fire dragon's attack. x2
The fire dragon tramples you.
You hold your ground!
You barely miss the fire dragon.
The fire dragon is moderately wounded.
The fire dragon bites you. The fire dragon claws you.
The fire dragon tramples you!
* * * LOW HITPOINT WARNING * * *
You hold your ground!
Unknown command.
You mangle the fire dragon!!
The fire dragon is heavily wounded.
The fire dragon breathes flames at you. The blast of flame hits you!
You die...

#.####.##...####
#.# #......∩...
#.# #####......
##.# #..####
#..# #..# # #.##
#..# # #.#
##..#### ##.#
#....... #@.#
#....... ##D§##
#####..#
##.§..## #..#
#.§....# #..#
##......# #..#
#.......#
#####..#
#........#
#.......
#≈≈......#
#.......
#≈≈≈§§§..#
#.)#####


You could see a fire dragon.

Vanquished Creatures
  Gastronok (D:8)
  Snorg (D:10)
  The ghost of Amnesiac the Cleaver, a journeyman HOMo of Hepliaklqana (D:9)
  Pikel (D:9)
  Joseph (D:9)
  A gargoyle (D:9)
  2 trolls (D:10)
  A queen bee (D:9)
  A two-headed ogre (D:8)
  Grinder (D:4)
  Sigmund (D:3)
  2 wyverns
  Eustachio (D:4)
  Menkaure (D:3)
  Edmund (D:4)
  2 water moccasins (D:9)
  5 ice beasts
  6 orc warriors
  A slave (D:8)
  A necrophage (D:8)
  2 black bears (D:8)
  A phantom (D:8)
  7 ogres
  A centaur (D:8)
  2 wolves (D:10)
  2 big kobolds (D:7)
  Blork the orc (D:5)
  3 giant frogs
  A wyvern zombie (D:9)
  5 scorpions
  18 killer bees
  An electric eel (D:10)
  10 wights
  2 howler monkeys
  2 crimson imps
  2 jellies
  2 giant frog skeletons
  5 hounds
  4 orc priests
  2 orc wizards
  2 centaur skeletons (D:8)
  Jessica (D:3)
  2 iguanas (D:4)
  6 worker ants
  A hound skeleton (D:10)
  A howler monkey zombie (D:9)
  A worker ant zombie (D:6)
  Robin (D:3)
  A howler monkey skeleton (D:9)
  14 gnolls
  6 adders
  2 adder skeletons
  3 giant geckos
  36 orcs
  A ball python (D:1)
  9 bats
  4 giant cockroaches
  11 goblins
  13 hobgoblins
  11 jackals
  27 kobolds
  3 quokkas
  2 giant newts
  5 rats
268 creatures vanquished.

Notes
Turn   | Place    | Note
-------+----------+-------------------------------------------
     0 | D:1      | st0uf the Troll Fighter began the quest for the Orb.
     0 | D:1      | Reached XP level 1. HP: 22/22 MP: 0/0
   196 | D:1      | Reached XP level 2. HP: 29/29 MP: 1/1
   610 | D:2      | Reached skill level 1 in Throwing
   620 | D:2      | Reached XP level 3. HP: 32/36 MP: 2/2
   900 | D:2      | You fall through a shaft!
  1033 | D:3      | Reached skill level 1 in Armour
  1206 | D:3      | Noticed Robin
  1227 | D:3      | Killed Robin
  1227 | D:3      | Reached XP level 4. HP: 32/44 MP: 3/3
  1431 | D:3      | Noticed Jessica
  1444 | D:3      | Killed Jessica
  1570 | D:3      | Noticed Sigmund
  1674 | D:3      | Killed Sigmund
  1674 | D:3      | Reached skill level 3 in Unarmed Combat
  1674 | D:3      | Reached XP level 5. HP: 23/52 MP: 4/4
  1674 | D:3      | Reached XP level 6. HP: 26/59 MP: 5/5
  1804 | D:4      | Noticed Menkaure
  1847 | D:3      | Killed Menkaure
  2030 | D:4      | Noticed Grinder
  2143 | D:3      | Reached XP level 7. HP: 48/67 MP: 6/6
  2182 | D:4      | Killed Grinder
  2182 | D:4      | Reached skill level 4 in Unarmed Combat
  2279 | D:4      | Noticed Eustachio
  2315 | D:4      | Killed Eustachio
  2349 | D:4      | Reached skill level 5 in Unarmed Combat
  2372 | D:4      | Found a deep blue altar of Sif Muna.
  2391 | D:4      | Reached XP level 8. HP: 78/78 MP: 7/7
  2467 | D:4      | Noticed Edmund
  2475 | D:4      | Killed Edmund
  2600 | D:5      | Entered Level 5 of the Dungeon
  2684 | D:5      | Found a staircase to the Ecumenical Temple.
  2699 | Temple   | Entered the Ecumenical Temple
  2893 | Temple   | Became a worshipper of Qazlal Stormbringer
  2911 | D:5      | Found Fusafruri's General Store.
  3148 | D:5      | Found a shattered altar of Ashenzari.
  3153 | D:5      | Noticed Blork the orc
  3163 | D:5      | Killed Blork the orc
  3229 | D:5      | Reached skill level 6 in Unarmed Combat
  3315 | D:6      | Found Taniatee's Armour Boutique.
  3368 | D:6      | Found a shadowy altar of Dithmenos.
  3649 | D:6      | Reached XP level 9. HP: 84/84 MP: 8/8
  3981 | D:7      | Reached * piety under Qazlal
  4547 | D:7      | Found a hazy altar of Hepliaklqana.
  4717 | D:7      | Reached skill level 7 in Unarmed Combat
  4780 | D:8      | Found a hazy altar of Hepliaklqana.
  4820 | D:8      | Reached skill level 5 in Dodging
  4833 | D:8      | Reached skill level 5 in Shields
  5061 | D:8      | Reached ** piety under Qazlal
  5096 | D:8      | Noticed Gastronok
  5107 | D:8      | Killed Gastronok
  5107 | D:8      | Reached skill level 5 in Fighting
  5107 | D:8      | Reached skill level 5 in Throwing
  5107 | D:8      | Reached skill level 8 in Unarmed Combat
  5107 | D:8      | Reached XP level 10. HP: 96/96 MP: 9/9
  5179 | D:8      | Found a snail-covered altar of Cheibriados.
  5321 | D:8      | Found a hide-covered altar of Uskayaw.
  5685 | D:9      | Noticed Amnesiac's ghost (journeyman HOMo)
  5685 | D:9      | Found a flagged portal.
  5711 | D:9      | Reached skill level 9 in Unarmed Combat
  5716 | D:9      | Noticed Pikel
  5719 | D:9      | Reached skill level 5 in Armour
  5775 | D:9      | HP: 4/97 [poisoned by a killer bee]
  5781 | D:9      | Noticed a gargoyle
  5790 | Bailey   | Entered a bailey
  5904 | Bailey   | Reached *** piety under Qazlal
  6199 | D:9      | Killed Amnesiac's ghost
  6199 | D:9      | Reached XP level 11. HP: 68/105 MP: 10/10
  6260 | D:9      | Noticed Joseph
  6275 | D:9      | Killed Joseph
  6584 | D:9      | Killed Pikel
  6907 | D:9      | Found a deep blue altar of Sif Muna.
  7249 | D:10     | Entered Level 10 of the Dungeon
  7317 | D:10     | Noticed Snorg
  7319 | D:10     | Reached **** piety under Qazlal
  7339 | D:10     | Killed Snorg
  7339 | D:10     | Reached skill level 10 in Unarmed Combat
  7500 | D:10     | Found Varph's General Store.
  7511 | D:10     | Bought a scroll of identify for 24 gold pieces
  7563 | D:10     | Found a staircase to the Lair.
  7693 | D:10     | Noticed a fire dragon
  7712 | D:10     | HP: 4/105 [fire dragon/blast of flame (45)]
  7716 | D:10     | Killed from afar by a fire dragon

Vault maps used:
D:1:      dpeg_arrival_round_c
D:3:      first_bread, uniq_sigmund, uniq_robin, uniq_jessica
D:4:      led_sif_pool, uniq_edmund, uniq_eustachio, uniq_grinder, uniq_menkaure
D:5:      evilmike_ruin_ashenzari, serial_shops, kennysheep_mini_moat,
          minivault_24, uniq_blork_the_orc
D:6:      serial_shops, shop, grunt_dithmenos_smoke
D:7:      basic_altar
D:8:      black_bear_nest_1, old_standard_altar, lemuel_doored_altar,
          kennysheep_mini, special_room, uniq_gastronok
D:9:      lemuel_crystal_altar, enter_bailey_2, david_nohive_1, uniq_joseph,
          uniq_pikel
D:10:     dragon1_lemuel, erik_lair_island, serial_shops, shop, uniq_snorg
Temple:   eino_temple_scatter_basement
Bailey:   bailey_axe_2, bailey

Skill      XL: |  1  2  3  4  5  6  7  8  9 10 11 |
---------------+----------------------------------+-----
Throwing       | 1 2 3 5 6 |  6.3
Armour         | 1 2 3 4 5 |  5.6
Dodging        | 3 4 5 6 |  6.6
Shields        | 3 4 5 6 |  6.5
Unarmed Combat | 3 5 6 8 9 10 | 10.0
Fighting       | 3 4 5 6 |  6.1

Action                   |  1- 3 |  4- 6 |  7- 9 | 10-12 || total
-------------------------+-------+-------+-------+-------++-------
Melee: Unarmed           |   123 |    98 |   332 |   464 ||  1017
  Use: Scroll            |       |       |     2 |    12 ||    14
       Potion            |       |       |       |     7 ||     7
 Stab: Sleeping          |       |     1 |       |       ||     1
  Eat: Chunk             |    17 |     6 |    30 |    24 ||    77
Armor: Robe              |    40 |    19 |    49 |    64 ||   172
Dodge: Dodged            |    39 |    21 |    73 |   148 ||   281
Block: Shield            |    47 |    41 |   134 |   357 ||   579
